 Dungeon Crawl Stone Soup version 0.25.1-2-g60ff931df9 (webtiles) character file.

Game seed: 8432618242274435108

101 promet the Skirmisher (level 4, 0/50 HPs)
             Began as an Ogre Berserker on Nov 24, 2020.
             Was a Believer of Trog.
             Succumbed to an adder's poison
             ... on level 3 of the Dungeon.
             The game lasted 00:16:52 (2883 turns).

promet the Skirmisher (Ogre Berserker)              Turns: 2883, Time: 00:16:52

Health: 0/50       AC:  3    Str: 20 (21) XL:     4   Next: 75%
Magic:  13/13      EV: 10    Int:  6 (9)  God:    Trog [**....]
Gold:   60         SH:  0    Dex:  8      Spells: 3/3 levels left

rFire    . . .     SeeInvis .   a - +0 hand axe
rCold    . . .     Gourm    .   (no shield)
rNeg     . . .     Faith    .   b - +0 animal skin
rPois    .         Spirit   .   (helmet restricted)
rElec    .         Reflect  .   (no cloak)
rCorr    .         Harm     .   (gloves unavailable)
MR       .....                  (boots unavailable)
Stlth    +.........             k - amulet of magic regeneration
HPRegen  0.16/turn              f - ring of magical power
MPRegen  0.38/turn              (no ring)

@: lethally poisoned (0 -> -5)
A: large, unfitting armour, tough skin 1
a: Berserk, Trog's Hand, Renounce Religion


You were on level 3 of the Dungeon.
You worshipped Trog.
Trog was pleased with you.
You were not hungry.

You visited 1 branch of the dungeon, and saw 3 of its levels.

You collected 150 gold pieces.
You spent 90 gold pieces at shops.

Inventory:

Hand Weapons
 a - a +0 hand axe (weapon)
 d - a +0 hunting sling
Missiles
 e - 54 stones (quivered)
Armour
 b - a +0 animal skin (worn)
Jewellery
 f - a ring of magical power (left hand)
 k - an amulet of magic regeneration (around neck)
Wands
 j - a wand of random effects (14)
Scrolls
 g - a scroll of identify
 h - a scroll of magic mapping {unknown}
Comestibles
 c - 5 rations


   Skills:
 * Level 5.0 Fighting
 + Level 4.2 Axes
 + Level 3.4 Dodging


You had 3 spell levels left.
You didn't know any spells.
Your spell library was empty.

Dungeon Overview and Level Annotations

Branches:
Dungeon (3/15)

Altars:
Xom
Zin


Innate Abilities, Weirdness & Mutations

You are too large for most types of armour.
You have tough skin. (AC +1)


Message History

You miss the adder.
The adder is almost dead.
You feel sick. The adder closely misses you. The adder barely misses you.
You completely miss the adder.
The adder is almost dead.
You feel sick. The adder bites you.
* * * LOW HITPOINT WARNING * * *
The adder barely misses you.
You barely miss the adder.
The adder is almost dead.
The adder completely misses you. The adder bites you but does no damage.
You barely miss the adder.
The adder is severely wounded.
You feel sick. The adder bites you but does no damage. The adder bites you.
* * * LOW HITPOINT WARNING * * *
The adder bites you.
* * * LOW HITPOINT WARNING * * *
You barely miss the adder.
The adder is severely wounded.
You die...

..################
......S@.........#
..##############.#
##.## #...#
######._.###...
........b......
######..####...
##.# . #.#


You could see an adder (fast).

Vanquished Creatures
  3 adders
  An ooze (D:1)
  A worm (D:2)
  A dart slug (D:2)
  A leopard gecko (D:1)
  A ball python (D:1)
  A giant cockroach (D:1)
  7 goblins
  5 hobgoblins
  14 jackals
  7 bats
  5 kobolds
  12 rats
59 creatures vanquished.

Notes
Turn   | Place    | Note
-------+----------+-------------------------------------------
     0 | D:1      | promet the Ogre Berserker began the quest for the Orb.
     0 | D:1      | Reached XP level 1. HP: 24/24 MP: 1/1
    21 | D:1      | You fall into a shaft and drop 1 floor!
   257 | D:2      | Reached XP level 2. HP: 32/32 MP: 2/2
   621 | D:2      | Reached XP level 3. HP: 34/40 MP: 3/3
   847 | D:1      | Reached ** piety under Trog
  1190 | D:1      | Reached XP level 4. HP: 47/49 MP: 4/4
  2275 | D:3      | Reached skill level 5 in Fighting
  2462 | D:3      | Found a glowing silver altar of Zin.
  2462 | D:3      | Found Zin's Purification Station.
  2490 | D:3      | Bought a potion of curing for 90 gold pieces
  2552 | D:3      | Found a shimmering altar of Xom.
  2882 | D:3      | HP: 1/50 [adder (5)]
  2883 | D:3      | Succumbed to an adder's poison

Illustrated notes

Levels and vault maps discovered:
D:1:      minmay_arrival_three_doors, layout_loops_ring, minivault_23,
          corexii_hall_statues_l, minmay_ruptured
D:2:      layout_loops_ring, first_ration
D:3:      layout_loops_ring, nicolae_overflow_quartered_altars, xom_butterflies,
          zin_purify

Skill      XL: |  1  2  3  4 |
---------------+-------------+-----
Dodging        | 3 |  3.4
Axes           | 4 |  4.2
Fighting       | 5 |  5.0

Action                   |  1- 3 |  4- 6 || total
-------------------------+-------+-------++-------
Melee: Hand axe          |   113 |   146 ||   259
Invok: Berserk           |       |     1 ||     1
Evoke: Wand              |       |     2 ||     2
  Use: Scroll            |     5 |     2 ||     7
       Potion            |     2 |     2 ||     4
  Eat: Chunk             |     1 |     7 ||     8
Armor: Animal skin       |    36 |    38 ||    74
Dodge: Dodged            |    68 |   100 ||   168
